 Dungeon Crawl Stone Soup version 0.22.1-1-ga44c0e5 (webtiles) character file.

53 Figureslego113 the Ducker (level 3, -3/17 HPs)
             Began as a Felid Monk on Sept 30, 2018.
             Slain by an adder (4 damage)
             ... on level 3 of the Dungeon on Oct 10, 2018.
             The game lasted 00:08:31 (4121 turns).

Figureslego113 the Ducker (Felid Monk)              Turns: 4121, Time: 00:08:32

Health: -3/17      AC:  1    Str:  9    XL:     3   Next: 62%
Magic:  4/4        EV: 22    Int: 11    God:
Gold:   65         SH:  0    Dex: 17    Spells: 2/2 levels left
                                        Lives:  0   Deaths: 1

rFire    . . .     SeeInvis +     - Unarmed
rCold    . . .     Gourm    .   (shield unavailable)
rNeg     . . .     Faith    .   (armour unavailable)
rPois    .         Spirit   .   (helmet unavailable)
rElec    .         Reflect  .   (cloak unavailable)
rCorr    .         Harm     .   (gloves unavailable)
MR       .....                  (boots unavailable)
Stlth    +++.......             (no amulet)
HPRegen  0.05/turn              (no ring)
MPRegen  0.09/turn              (no ring)

@: lethally poisoned (-3 -> -5), quick
A: very small, no armour, no weapons or thrown items, stealth, claws 1, fangs 3,
repulsion field 1, see invisible, carnivore, clumsy 1, speed 1, shaggy fur 1,
slow metabolism 1, strong 1, sharp paws
a: no special abilities


You were on level 3 of the Dungeon.
You were not hungry.

You visited 1 branch of the dungeon, and saw 3 of its levels.

You collected 65 gold pieces.

Inventory:

Jewellery
 d - an uncursed ring of poison resistance {unknown}
Scrolls
 f - a scroll of blinking {unknown}
 g - a scroll of enchant armour {unknown}
 h - 4 scrolls of identify {unknown}
 j - a scroll of teleportation {unknown}
 m - a scroll of remove curse {unknown}
Potions
 b - a potion of agility {unknown}
 c - a potion of flight {unknown}
 e - a potion of might {unknown}
 k - a potion of berserk rage {unknown}
 l - 2 potions of curing {unknown}
Comestibles
 a - 4 rations


   Skills:
 - Level 3.0 Fighting
 + Level 4.8 Dodging
 + Level 4.6 Stealth
 + Level 4.3 Unarmed Combat


You had 2 spell levels left.
You didn't know any spells.
Your spell library was empty.

Dungeon Overview and Level Annotations

Branches:
Dungeon (3/15)

Altars:


Innate Abilities, Weirdness & Mutations

You cannot wear armour.
You are incapable of wielding weapons or throwing items.
Your paws allow you to move quietly. (Stealth)
You have sharp claws.
You have razor-sharp teeth.
You have supernaturally acute eyesight. (SInv)
You are carnivorous and can eat meat at any time.
You cover ground quickly.
You are covered in fur. (AC +1)
You have a slow metabolism.
Your sharp claws are effective at attacking unaware monsters.
You are surrounded by a mild repulsion field. (EV +2)
You are clumsy. (Dex -2)
Your muscles are strong. (Str +2)


Message History

The adder misses you.
You feel sick. The adder misses you. The frilled lizard misses you.
The adder completely misses you. The adder barely misses you.
The adder closely misses you. The frilled lizard misses you.
The adder barely misses you. The adder misses you.
The adder closely misses you. The frilled lizard barely misses you.
The adder bites you. The adder bites you.
* * * LOW HITPOINT WARNING * * *
The frilled lizard bites you.
* * * LOW HITPOINT WARNING * * *
The adder barely misses you.
* * * LOW HITPOINT WARNING * * *
You feel sick. The adder completely misses you. The adder misses you.
The frilled lizard completely misses you.
The adder misses you. The adder completely misses you.
The frilled lizard bites you but does no damage.
The adder bites you.
You die...

##############
#....)@S......
#....lS.......
#(............
#.............
#####......#..
.........#
######....
###.


You could see 2 adders and a frilled lizard.

Vanquished Creatures
  Jessica (D:2)
  Robin (D:2)
  2 adders (D:2)
  An ooze (D:2)
  A worm (D:2)
  2 dart slugs (D:1)
  A giant cockroach (D:2)
  14 goblins
  3 hobgoblins
  5 jackals
  3 ball pythons (D:2)
  A bat (D:2)
  3 frilled lizards (D:2)
  3 kobolds (D:2)
  5 rats
46 creatures vanquished.

Notes
Turn   | Place    | Note
-------+----------+-------------------------------------------
     0 | D:1      | Figureslego113 the Felid Monk began the quest for the Orb.
     0 | D:1      | Reached XP level 1. HP: 10/10 MP: 2/2
   129 | D:1      | Reached XP level 2. HP: 3/14 MP: 3/3
  1420 | D:2      | Noticed Jessica
  1674 | D:2      | Found a faded altar of an unknown god.
  2098 | D:2      | Reached XP level 3. HP: 10/17 MP: 4/4
  2328 | D:2      | Noticed Robin
  2518 | D:2      | Killed Robin
  3212 | D:2      | Killed Jessica
  3212 | D:2      | Reached XP level 4. HP: 15/21 MP: 5/5
  4085 | D:2      | Gained mutation: Your body sometimes deteriorates upon
                  | taking damage. [potion of mutation]
  4086 | D:2      | Lost mutation: Your body sometimes deteriorates upon taking
                  | damage. [potion of mutation]
  4086 | D:2      | Gained mutation: Your muscles are strong. (Str +2) [potion
                  | of mutation]
  4086 | D:2      | Gained mutation: You are clumsy. (Dex -2) [potion of
                  | mutation]
  4086 | D:2      | Gained mutation: You are surrounded by a mild repulsion
                  | field. (EV +2) [potion of mutation]
  4088 | D:2      | Slain by an adder
  4089 | D:2      | Reached XP level 3. HP: 0/17 MP: 4/4
  4121 | D:3      | Slain by an adder

Skill      XL: |  1  2  3 |
---------------+----------+-----
Stealth        | 3 4 |  4.6
Unarmed Combat | 4 |  4.3
Fighting       | |  3.0
Dodging        | |  4.8

Action                   |  1- 3 |  4- 6 || total
-------------------------+-------+-------++-------
Melee: Unarmed           |   122 |    37 ||   159
       Bite              |    10 |     5 ||    15
       Punch             |     2 |       ||     2
  Use: Potion            |       |     2 ||     2
 Stab: Sleeping          |     4 |     1 ||     5
  Eat: Chunk             |    11 |     2 ||    13
Armor: Skin              |     2 |     1 ||     3
Dodge: Dodged            |   128 |    44 ||   172
